 Dungeon Crawl Stone Soup version 0.29-a0-103-g37f86683bf (webtiles) character file.

Game seed: 1298591206906111048

13451 pokeman the Eclecticist (level 11, -2/63 HPs)
             Began as a Deep Elf Hedge Wizard on Feb 15, 2022.
             Was a Priest of Vehumet.
             Slain by a shadow (21 damage)
             ... on level 12 of the Dungeon.
             The game lasted 00:33:33 (15116 turns).

pokeman the Eclecticist (Deep Elf Hedge Wizard)    Turns: 15116, Time: 00:33:33

Health: -2/63      AC:  9    Str:  7    XL:     11   Next: 75%
Magic:  22/32      EV: 13    Int: 30    God:    Vehumet [***...]
Gold:   1050       SH:  0    Dex: 14    Spells: 26/41 levels left

rFire   . . .      SeeInvis .   x - +3 falchion (elec)
rCold   . . .      Faith    .   (no shield)
rNeg    . . .      Spirit   .   C - +0 steam dragon scales
rPois   +          Reflect  .   t - +0 helmet
rElec   .          Harm     .   V - +0 cloak
rCorr   .          Rampage  .   (no gloves)
Will    +....                   h - +0 pair of boots
Stlth   ++........              (no amulet)
HPRegen 0.20/turn               L - ring of poison resistance
MPRegen 0.23/turn               F - +6 ring of intelligence

@: no status effects
A: no striking features
a: Renounce Religion


You were on level 12 of the Dungeon.
You worshipped Vehumet.
Vehumet was most pleased with you.
You visited 1 branch of the dungeon, and saw 12 of its levels.
You also visited: Ossuary.

You collected 1050 gold pieces.

Inventory:

Hand Weapons
 w - the +4 spear of Wealth {distort, rF+ Will+}
   (You took it off an orc on level 5 of the Dungeon)

   It warps and distorts space around it, and may blink, banish, or inflict
   extra damage upon those it strikes.
   Unwielding it can cause banishment or high damage.
   rF:        It protects you from fire.
   Will:      It increases your willpower.
 x - a +3 falchion of electrocution (weapon)
 D - a +0 shortbow
Missiles
 d - 5 curare-tipped darts
 e - 139 arrows
 p - 73 bolts
 I - 2 throwing nets
Armour
 h - a +0 pair of boots (worn)
 t - a +0 helmet (worn)
 C - +0 steam dragon scales (worn)
 G - a +2 ring mail of poison resistance
 V - a +0 cloak (worn)
Magical Staves
 K - a staff of death
Jewellery
 E - a +4 ring of evasion
 F - a +6 ring of intelligence (right hand)
 L - a ring of poison resistance (left hand)
 M - a ring of wizardry
 T - a ring of protection from fire
Wands
 m - a wand of iceblast (11)
 o - a wand of digging (9)
 r - a wand of acid (9)
 U - a wand of mindburst (6)
Scrolls
 a - a scroll of immolation {unknown}
 b - 2 scrolls of magic mapping {unknown}
 c - 6 scrolls of teleportation {unknown}
 i - 4 scrolls of vulnerability {unknown}
 j - 2 scrolls of fear {unknown}
 v - a scroll of enchant weapon {unknown}
 y - a scroll of enchant armour {unknown}
 A - 2 scrolls of amnesia {unknown}
 B - 7 scrolls of identify {unknown}
 J - 2 scrolls of holy word {unknown}
 N - a scroll of torment {unknown}
 O - a scroll of silence {unknown}
 Q - a scroll of summoning {unknown}
 R - a scroll of fog {unknown}
Potions
 f - 6 potions of curing {unknown}
 g - 3 potions of berserk rage {unknown}
 k - 5 potions of lignification {unknown}
 l - a potion of flight {unknown}
 n - 2 potions of attraction {unknown}
 q - 3 potions of ambrosia {unknown}
 s - 2 potions of resistance {unknown}
 u - 3 potions of haste {unknown}
 z - 3 potions of mutation {unknown}
 H - a potion of heal wounds {unknown}
 P - a potion of degeneration {unknown}
 S - a potion of brilliance {unknown}


   Skills:
 - Level 5.1 Fighting
 + Level 3.6 Armour
 - Level 3.0 Dodging
 - Level 3.0 Stealth
 * Level 15.9 Spellcasting
 + Level 9.4 Conjurations
 - Level 1.1 Summonings
 - Level 2.0 Necromancy
 - Level 1.1 Translocations
 + Level 8.2 Fire Magic
 - Level 1.1 Air Magic
 - Level 1.0 Earth Magic
 - Level 3.0 Poison Magic
 - Level 3.0 Evocations


You had 26 spell levels left.
You knew the following spells:

 Your Spells              Type           Power      Damage    Failure   Level
a - Magic Dart            Conj           100%       1d8       1%          1
b - Mephitic Cloud        Conj/Pois/Air  50%        N/A       1%          3
c - Call Imp              Summ           30%        N/A       1%          2
d - Blink                 Tloc           60%        N/A       1%          2
e - Conjure Flame         Conj/Fire      67%        6-21      1%          3
f - Foxfire               Conj/Fire      100%       2x1d9     1%          1
g - Stone Arrow           Conj/Erth      100%       3d13      1%          3

Your spell library contained the following spells:

 Spells                   Type           Power      Damage    Failure   Level
 Inner Flame              Hex/Fire       48%        N/A       1%          3
 Animate Skeleton         Necr           72%        N/A       1%          1
 Pain                     Necr           100%       1d9       1%          1
 Sandblast                Erth           58%        2d13      1%          1
 Slow                     Hex            92%        N/A       1%          1
 Sting                    Tmut/Pois      100%       1d8       1%          1
 Corpse Rot               Necr/Air       66%        N/A       1%          2
 Poisonous Vapours        Pois/Air       72%        N/A       1%          2
 Static Discharge         Conj/Air       53%        N/A       1%          2
 Sublimation of Blood     Necr           36%        N/A       1%          2
 Frozen Ramparts          Ice            46%        1d6       1%          3
 Olgreb's Toxic Radiance  Pois           42%        N/A       1%          4
 Lightning Bolt           Conj/Air       26%        1d42      1%          5
 Passwall                 Tmut/Erth      21%        N/A       2%          2
 Vampiric Draining        Necr           36%        2d8       2%          3
 Irradiate                Conj/Tmut      25%        3d21      2%          5
 Ozocubu's Armour         Ice            23%        N/A       6%          3
 Petrify                  Tmut/Erth      26%        N/A       16%         4
 Summon Ice Beast         Ice/Summ       27%        N/A       16%         4
 Ice Form                 Ice/Tmut       23%        N/A       19%         4
 Ozocubu's Refrigeration  Ice            11%        4d7       97%         7
 Maxwell's Capacitive Co  Air            15%        ∞         100%        8


Dungeon Overview and Level Annotations

Branches:
Dungeon (12/15)            Temple (0/1) D:7            Lair (0/6) D:10
    Orc (0/2) D:9         Ossuary (visited)

Altars:
Cheibriados
Dithmenos
Elyvilon
Hepliaklqana
Vehumet
Xom

Shops:
D:4 (   D:5 :   D:6 =   D:7 (

Portals:
Abyss: D:9
Trove: D:10 (give +6 fire dragon scales)

Annotations:
D:9 2 transporters, b960's ghost, journeyman GrFE
D:11 3 runed translucent doors, Olitzid's ghost, journeyman DEWz


Message History

The bolt of lightning hits you!
* * * LOW HITPOINT WARNING * * *
Casting: Stone Arrow (safe; 1% risk of failure)
Confirm with . or Enter, or press ? or * to list all spells.
Aiming: Mephitic Cloud (safe; 1% risk of failure)
Press: ? - help, Shift-Dir - straight line, f - tengu conjurer
Aim: a tengu conjurer, wielding a +0 club (chance to affect: 67%)
The ball explodes into a vile cloud!
The stinking cloud engulfs the tengu conjurer but does no damage.
The stinking cloud engulfs something but does no damage.
The tengu conjurer is engulfed in noxious fumes.
The tengu conjurer appears confused.
Unknown command.
Casting: Mephitic Cloud (safe; 1% risk of failure)
Confirm with . or Enter, or press ? or * to list all spells.
The fire begins to smoulder!
The tengu conjurer is engulfed in noxious fumes.
The tengu conjurer appears confused.
Unknown command.
The fire ignites!
Casting: Conjure Flame (safe; 1% risk of failure)
Confirm with . or Enter, or press ? or * to list all spells.
Aiming: Stone Arrow (safe; 1% risk of failure)
Press: ? - help, Shift-Dir - straight line, f/p - tengu conjurer
Aim: a tengu conjurer, wielding a +0 club (confused, 84% to hit)
The stone arrow hits the tengu conjurer!!
The tengu conjurer is severely wounded.
Unknown command.
Casting: Stone Arrow (safe; 1% risk of failure)
Confirm with . or Enter, or press ? or * to list all spells.
Aiming: Stone Arrow (safe; 1% risk of failure)
Press: ? - help, Shift-Dir - straight line, f/p - tengu conjurer
Aim: a tengu conjurer, wielding a +0 club (severely wounded, confused, 84% to hit)
The stone arrow hits the tengu conjurer!!
You kill the tengu conjurer!
Vehumet accepts your kill.
Vehumet is now aiding your destructive spells.
You start resting.
The shadow strikes at you from the darkness!
You die...

#...#
#.......
#...#
#.......
#..)#
#.......
#...#
.#.......
#..<#
..#.......
#...# ...#
#.### #.#.#
#.# .....#
#@# #....
#§##..#.#.#
#...!).....
#..).......
#..........
#..........
#..........
#..........
#..........


There were no monsters in sight!

Vanquished Creatures
  Gastronok (D:11)
  Erica (D:8)
  A centaur warrior (D:12)
  A two-headed ogre (D:10)
  Pikel (D:5)
  A deep elf pyromancer (D:11)
  A cyclops (shapeshifter) (D:12)
  Maurice (D:12)
  A cyclops (D:11)
  5 gargoyles (D:10)
  Psyche (D:9)
  A tengu conjurer (D:12)
  A hornet (D:9)
  A shadow (D:11)
  8 yaks
  A vampire (D:11)
  A steam dragon (D:7)
  4 vampire mosquitoes (D:11)
  2 acid dragons
  A water moccasin (D:9)
  4 orc warriors
  2 hornet zombies
  A sky beast (D:7)
  An ogre (D:5)
  4 centaurs
  A necrophage (D:8)
  2 kobold brigands
  5 bullfrogs
  3 elf zombies (Ossuary)
  A gnoll sergeant (D:8)
  4 scorpions
  10 killer bees
  3 wights (D:7)
  A howler monkey (D:9)
  4 centaur zombies
  5 orc priests
  4 hounds
  A gnoll shaman (D:7)
  An iguana (D:5)
  10 orc wizards
  A scorpion zombie (D:5)
  2 killer bee zombies
  3 mummies
  2 hound skeletons
  2 howler monkey zombies
  A howler monkey skeleton (D:6)
  3 adders
  8 gnolls
  A shadow imp (D:5)
  A white imp (D:6)
  An ufetubus (D:6)
  A worm zombie (D:6)
  An adder skeleton (D:4)
  2 adder zombies (Ossuary)
  A worm (D:4)
  2 dart slugs
  24 orcs
  7 bats
  6 endoplasms
  4 giant cockroaches
  6 goblins
  4 hobgoblins
  2 jackals (D:3)
  5 quokkas
  7 ball pythons
  5 frilled lizards
  3 goblin zombies (Ossuary)
  13 hobgoblin zombies (Ossuary)
  2 jackal zombies
  20 kobolds
  8 kobold zombies (Ossuary)
  6 orc zombies (Ossuary)
  5 rats
  A rat zombie (D:6)
262 creatures vanquished.

Vanquished Creatures (others)
  109 foxfires
  4 plants (D:11)
113 creatures vanquished.

Grand Total: 375 creatures vanquished

Notes
Turn   | Place    | Note
-------+----------+-------------------------------------------
     0 | D:1      | pokeman the Deep Elf Hedge Wizard began the quest for the
                  | Orb.
     0 | D:1      | Reached XP level 1. HP: 10/10 MP: 7/7
   412 | D:1      | Reached XP level 2. HP: 15/15 MP: 4/9
   839 | D:1      | Found a faded altar of an unknown god.
  1024 | D:1      | Reached skill level 5 in Spellcasting
  1373 | D:1      | Reached XP level 3. HP: 20/20 MP: 9/11
  1377 | D:1      | Learned a level 3 spell: Mephitic Cloud
  1380 | D:1      | Learned a level 2 spell: Call Imp
  1383 | D:1      | Learned a level 2 spell: Blink
  1387 | D:1      | Learned a level 3 spell: Conjure Flame
  1860 | D:2      | Reached skill level 1 in Armour
  2000 | D:2      | Found a shimmering altar of Xom.
  2149 | D:2      | Reached skill level 1 in Fighting
  2901 | D:3      | Reached XP level 4. HP: 25/25 MP: 9/13
  3547 | D:4      | Noticed a scorpion
  3560 | D:4      | Killed a scorpion
  3561 | D:4      | Reached skill level 1 in Fire Magic
  3561 | D:4      | Reached XP level 5. HP: 29/29 MP: 5/15
  3580 | D:4      | Reached skill level 6 in Spellcasting
  3929 | D:4      | Found a snail-covered altar of Cheibriados.
  4364 | D:4      | Found Soatoha's Weapon Shoppe.
  4598 | D:5      | Entered Level 5 of the Dungeon
  4609 | D:5      | Reached skill level 1 in Air Magic
  4900 | D:5      | Reached XP level 6. HP: 34/34 MP: 11/17
  5141 | D:5      | Noticed Pikel
  5192 | D:5      | Killed Pikel
  5193 | D:5      | Reached skill level 8 in Spellcasting
  5193 | D:5      | Reached XP level 7. HP: 15/38 MP: 1/20
  5834 | D:5      | Learned a level 3 spell: Stone Arrow
  5894 | D:5      | Identified the +4 spear of Wealth {distort, rF+ Will+}
  5944 | D:5      | Found Wuvietoy's Book Boutique.
  6186 | D:6      | Reached XP level 8. HP: 41/43 MP: 19/22
  6186 | D:6      | Found Xaugg's Jewellery Boutique.
  6209 | D:6      | Found a sand-covered staircase.
  6234 | Ossuary  | Entered an ossuary
  6318 | Ossuary  | Reached skill level 1 in Earth Magic
  6382 | Ossuary  | Reached skill level 9 in Spellcasting
  7132 | D:6      | Reached skill level 5 in Conjurations
  7141 | D:6      | HP: 2/44 [poisoned by a scorpion]
  8134 | D:6      | Reached skill level 10 in Spellcasting
  8406 | D:7      | Found a radiant altar of Vehumet.
  8421 | D:7      | Became a worshipper of Vehumet
  8635 | D:7      | Found a staircase to the Ecumenical Temple.
  8720 | D:7      | Reached XP level 9. HP: 48/48 MP: 15/25
  9075 | D:7      | Reached skill level 11 in Spellcasting
  9389 | D:7      | Found Miprua's Weapon Emporium.
  9466 | D:7      | Found a hazy altar of Hepliaklqana.
  9845 | D:8      | Reached skill level 12 in Spellcasting
  9848 | D:8      | Reached skill level 5 in Fire Magic
 10062 | D:8      | Reached * piety under Vehumet
 10062 | D:8      | Offered knowledge of Shock by Vehumet.
 10229 | D:8      | Noticed Erica
 10239 | D:8      | Killed Erica
 10240 | D:8      | Reached XP level 10. HP: 56/56 MP: 11/28
 10843 | D:8      | Found a white marble altar of Elyvilon.
 10964 | D:9      | Found a staircase to the Orcish Mines.
 10977 | D:9      | Found a transporter.
 10978 | D:9      | Noticed a cyan ugly thing
 10988 | D:9      | Noticed b960's ghost (journeyman GrFE)
 11008 | D:9      | Noticed a toenail golem
 11013 | D:9      | Found a transporter.
 11019 | D:9      | Noticed a toenail golem
 11064 | D:9      | Reached skill level 13 in Spellcasting
 11324 | D:9      | Noticed Psyche
 11335 | D:9      | Killed Psyche
 11780 | D:9      | Found a one-way gate to the infinite horrors of the Abyss.
 12010 | D:9      | Reached ** piety under Vehumet
 12011 | D:9      | Offered knowledge of Foxfire by Vehumet.
 12016 | D:9      | Learned a level 1 spell: Foxfire
 12144 | D:10     | Entered Level 10 of the Dungeon
 12400 | D:10     | Found a shadowy altar of Dithmenos.
 12648 | D:10     | Noticed a two-headed ogre
 12653 | D:10     | Killed a two-headed ogre
 12654 | D:10     | Reached skill level 1 in Necromancy
 12758 | D:10     | Noticed a gargoyle
 12760 | D:10     | Killed a gargoyle
 12761 | D:10     | Reached skill level 14 in Spellcasting
 12800 | D:10     | Noticed a gargoyle
 12803 | D:10     | Killed a gargoyle
 12858 | D:10     | Noticed a gargoyle
 12860 | D:10     | Killed a gargoyle
 12883 | D:10     | Noticed a gargoyle
 12885 | D:10     | Killed a gargoyle
 12968 | D:10     | Noticed a gargoyle
 12970 | D:10     | Killed a gargoyle
 12971 | D:10     | Reached XP level 11. HP: 38/62 MP: 24/31
 13215 | D:10     | Found a staircase to the Lair.
 13349 | D:10     | Found a portal to a secret trove of treasure.
 13463 | D:11     | Noticed a deep elf pyromancer
 13476 | D:11     | Killed a deep elf pyromancer
 13962 | D:11     | Found a runed translucent gate.
 13962 | D:11     | Found a runed translucent gate.
 13963 | D:11     | Found a runed translucent gate.
 13964 | D:11     | Noticed a nine-headed hydra
 13965 | D:11     | Noticed Olitzid's ghost (journeyman DEWz)
 13966 | D:11     | Noticed a nine-headed hydra
 14003 | D:11     | Offered knowledge of Inner Flame by Vehumet.
 14008 | D:11     | Reached skill level 15 in Spellcasting
 14258 | D:11     | Noticed Gastronok
 14273 | D:11     | Killed Gastronok
 14274 | D:11     | Reached skill level 5 in Fighting
 14862 | D:12     | Noticed a centaur warrior
 14872 | D:12     | Killed a centaur warrior
 14992 | D:12     | Noticed Maurice
 14999 | D:12     | Killed Maurice
 15110 | D:12     | Reached *** piety under Vehumet
 15116 | D:12     | Slain by a shadow

Illustrated notes

Levels and vault maps discovered:
D:1:      dpeg_arrival_boxes_within_box, layout_loops_corners,
          basic_ecumenical_altar
D:2:      layout_loops_ring, basic_altar, chequers_decorated_corner,
          grunt_decor_arrowhead
D:3:      layout_basic, minivault_25
D:4:      layout_basic, slow_altar_1, serial_shops, nicolae_square_shop,
          minmay_misc_feat_secret_circle
D:5:      layout_basic, serial_shops,
          nicolae_shop_temple_entry_statues_fountains, uniq_pikel
D:6:      layout_basic, serial_shops, shop, enter_ossuary_3
D:7:      layout_rooms, nzn_hepliaklqana_mist_gate, amcnicky_altar_gilded,
          minmay_temple_entry_water_ring, serial_shops,
          nicolae_shop_window_shopping, minmay_increasing_density
D:8:      minmay_angry_zag, layout_gridville, lemuel_round_altar,
          serial_park_tiny_2, uniq_erica
D:9:      layout_irregular_city, orc_0_dummy, gammafunk_ghost_abyssal_escape,
          eino_tiny_chamber, minivault_19, eino_jars, uniq_psyche
D:10:     cheibrodos_statue_roulette, layout_grid_maze,
          mainiacjoe_overflow_boulevard, nicolae_trove_entry_diagonal
D:11:     layout_irregular_city, gammafunk_ghost_hydra_chop, uniq_gastronok
D:12:     minmay_cut_squares, layout_long_grid, columned_hall_lemuel,
          uniq_maurice

Skill      XL: |  1  2  3  4  5  6  7  8  9 10 11 |
---------------+----------------------------------+-----
Spellcasting   | 5 6 8 10 12 14 15 | 15.9
Armour         | 1 2 3 |  3.6
Fighting       | 1 2 3 4 5 |  5.1
Conjurations   | 2 3 4 5 7 8 9 |  9.4
Dodging        | 3 |  3.0
Fire Magic     | 1 3 5 7 8 |  8.2
Stealth        | 3 |  3.0
Air Magic      | 1 |  1.1
Poison Magic   | 2 3 |  3.0
Evocations     | 2 3 |  3.0
Earth Magic    | 1 |  1.0
Necromancy     | 2 |  2.0
Summonings     | |  1.1
Translocations | |  1.1

Action                   |  1- 3 |  4- 6 |  7- 9 | 10-12 || total
-------------------------+-------+-------+-------+-------++-------
Melee: Dagger            |     7 |    11 |       |       ||    18
       Punch             |       |     1 |     4 |     1 ||     6
       Falchion          |       |       |   101 |    20 ||   121
       Whip              |       |       |     2 |       ||     2
 Cast: Magic Dart        |   124 |    87 |    79 |    18 ||   308
       Mephitic Cloud    |       |     6 |    15 |    11 ||    32
       Conjure Flame     |       |     7 |    23 |     9 ||    39
       Blink             |       |     1 |       |       ||     1
       Call Imp          |       |     1 |     1 |       ||     2
       Stone Arrow       |       |       |    47 |    95 ||   142
       Foxfire           |       |       |       |    62 ||    62
Evoke: Wand              |       |     2 |       |       ||     2
 Stab: Sleeping          |     2 |       |     1 |       ||     3
       Confused          |       |       |     2 |       ||     2
Armor: Leather armour    |     1 |     2 |    27 |       ||    30
       Steam dragon scal |       |       |     3 |    13 ||    16
Dodge: Dodged            |     8 |    16 |    90 |    50 ||   164

Table legend: (Time is in decaauts)
 A = Elapsed time spent in this place.
 B = Non-inter-level travel time spent in this place.
 C = Inter-level travel time spent in this place.
 D = Time resting spent in this place.
 E = Time spent auto-exploring this place.
 F = Levels seen in this place.
 G = Mean time per level.
                   A        B        C        D        E       F      G
               +--------+--------+--------+--------+--------+-----+--------+
         Total |  15151 |  14825 |    326 |    647 |  12204 |  13 | 1165.5 |
       Dungeon |  14464 |  14138 |    326 |    647 |  11781 |  12 | 1205.3 |
       Ossuary |    687 |    687 |      0 |      0 |    423 |   1 |  687.0 |
               +--------+--------+--------+--------+--------+-----+--------+

Top non-repeatable levels by time:
     D:1: 1840 daAuts
    D:11: 1485 daAuts
     D:6: 1473 daAuts
     D:8: 1418 daAuts
     D:5: 1388 daAuts
     D:7: 1308 daAuts
    D:10: 1279 daAuts
     D:4: 1242 daAuts
     D:9: 1204 daAuts
     D:2: 936 daAuts
 Ossuary: 687 daAuts
     D:3: 677 daAuts
    D:12: 209 daAuts
